 Dungeon Crawl Stone Soup version 0.29-a0-472-ge5599a681e (webtiles) character file.

Game seed: 17125509250491025447

72 greenreed the Skirmisher (level 4, -7/40 HPs)
             Began as a Hill Orc Monk on May 22, 2022.
             Killed from afar by Ijyb (10 damage)
             ... with a puff of flame
             ... on level 3 of the Dungeon.
             The game lasted 00:05:09 (2077 turns).

greenreed the Skirmisher (Hill Orc Monk)            Turns: 2077, Time: 00:05:10

Health: -7/40      AC:  9    Str: 13    XL:     4   Next: 25%
Magic:  4/4        EV:  9    Int: 12    God:
Gold:   105        SH:  0    Dex: 13    Spells: 1/3 levels left

rFire   . . .      SeeInvis .   a - +0 spear
rCold   + . .      Faith    .   (no shield)
rNeg    . . .      Spirit   .   e - +2 scale mail {rC+}
rPois   .          Reflect  .   (no helmet)
rElec   .          Harm     .   (no cloak)
rCorr   +          Rampage  .   s - +0 pair of gloves
Will    .....                   (no boots)
Stlth   ..........              (no amulet)
HPRegen 0.13/turn               j - ring of flight
MPRegen 0.09/turn               l - ring of resist corrosion

@: brilliant, flying
A: no striking features
a: no special abilities


You were on level 3 of the Dungeon.
You visited 1 branch of the dungeon, and saw 3 of its levels.

You collected 105 gold pieces.

Inventory:

Hand Weapons
 a - a +0 spear (weapon)
Armour
 b - a +0 robe
 e - a +2 scale mail of cold resistance (worn)
 s - a +0 pair of gloves (worn)
Jewellery
 j - a ring of flight (left hand)
 l - a ring of resist corrosion (right hand)
Scrolls
 d - 2 scrolls of magic mapping
 f - 2 scrolls of identify {unknown}
 g - 2 scrolls of amnesia {unknown}
 i - 2 scrolls of enchant armour {unknown}
 n - a scroll of fear {unknown}
 q - a scroll of vulnerability {unknown}
 r - a scroll of teleportation {unknown}
Potions
 c - a potion of ambrosia
 h - 3 potions of curing
 k - a potion of brilliance
 m - a potion of flight {unknown}
 o - 2 potions of lignification {unknown}
 p - a potion of degeneration {unknown}


   Skills:
 + Level 4.2 Fighting
 + Level 4.2 Polearms
 + Level 1.0 Armour
 + Level 2.7 Dodging
 - Level 1.5 Stealth
 * Level 0.3 Spellcasting
 * Level 0.7 Poison Magic


You had one spell level left.
You knew the following spells:

 Your Spells              Type           Power      Damage    Failure   Level
a - Poisonous Vapours     Pois/Air       2%         N/A       90%         2

Your spell library contained the following spells:

 Spells                   Type           Power      Damage    Failure   Level
 Sting                    Tmut/Pois      4%         1d3       80%         1
 Portal Projectile        Hex/Tloc       0%         N/A       99%         3
 Tukima's Dance           Hex            0%         N/A       99%         3
 Olgreb's Toxic Radiance  Pois           2%         N/A       100%        4
 Blade Hands              Tmut           0%         N/A       100%        5
 Fireball                 Conj/Fire      0%         3d3       100%        5
 Iskenderun's Battlesphe  Conj           0%         2d6       100%        5
 Conjure Ball Lightning   Conj/Air       0%         3x3d6     100%        6
 Orb of Destruction       Conj           0%         9d5       100%        7


Dungeon Overview and Level Annotations

Branches:
Dungeon (3/15)

Altars:

Annotations:
D:3 Ijyb


Message History

Ijyb screams, "I cut your head off!"
The ball python bites you but does no damage.
The ball python grabs you. The ball python constricts you.
You escape the ball python's grasp.
The ball python attacks as you move away!
The ball python bites you but does no damage.
There is a stone staircase leading up here.
The ball python bites you but does no damage.
The ball python grabs you.
You stop ascending the stairs.
The ball python constricts you.
You escape the ball python's grasp.
The ball python misses you. The ball python grabs you.
You stop ascending the stairs.
The ball python constricts you. The endoplasm freezes you.
You are frozen.
You resist.
* * * LOW HITPOINT WARNING * * *
It was a potion of curing.
You feel better.
The ball python bites you but does no damage.
The ball python constricts you.
The endoplasm hits you but does no damage.
You escape the ball python's grasp.
You hit the ball python.
The ball python is severely wounded.
The ball python bites you.
* * * LOW HITPOINT WARNING * * *
The ball python barely misses you.
You hit the ball python.
You kill the ball python!
The endoplasm freezes you.
You are frozen.
You resist.
* * * LOW HITPOINT WARNING * * *
Your Armour skill increases to level 1!
It was a potion of brilliance.
You feel clever all of a sudden. Ijyb hits you but does no damage.
The endoplasm hits you.
* * * LOW HITPOINT WARNING * * *
As you read the scroll labelled SAERAE DAIRY, it crumbles to dust.
You feel aware of your surroundings.
It was a scroll of magic mapping.
Ijyb zaps a wand.
The puff of flame hits you!
You die...

****#.###....#......# **
**###..........$...#* * *
***,.........#####.### *
*****,,,##.......# *,...* *
,,,,,,**.........###....* *
,,*****,..[......#......* *
,,*,,,<,#.#.............*
****
,,,,****#,##...Jg###....*
*,,, ,**** *,*#....@#
*,,..******,,, **
**,*#.....#**,,,,,,,,,,,,*
*
**,,*#......,,,,,,,,,******
*,,*#...#####********* *
*,*#..##* * *,,..#* ***##*


You could see Ijyb and an endoplasm.

Vanquished Creatures
  A gnoll (D:1)
  3 adders
  2 ball pythons
  2 bats
  4 endoplasms
  2 giant cockroaches (D:1)
  A goblin (D:1)
  5 hobgoblins
  4 jackals
  A quokka (D:2)
  3 frilled lizards
  3 kobolds
  2 rats
33 creatures vanquished.

Notes
Turn   | Place    | Note
-------+----------+-------------------------------------------
     0 | D:1      | greenreed the Hill Orc Monk began the quest for the Orb.
     0 | D:1      | Reached XP level 1. HP: 19/19 MP: 1/1
   160 | D:1      | Reached XP level 2. HP: 27/27 MP: 2/2
   662 | D:2      | Reached XP level 3. HP: 17/33 MP: 3/3
   665 | D:2      | Learned a level 2 spell: Poisonous Vapours
   841 | D:2      | Found a faded altar of an unknown god.
  1441 | D:2      | Reached XP level 4. HP: 39/40 MP: 4/4
  2046 | D:3      | Noticed Ijyb
  2063 | D:3      | HP: 2/40 [Ijyb/puff of flame (8)]
  2071 | D:3      | HP: 1/40 [frozen (2)]
  2076 | D:3      | Reached skill level 1 in Armour
  2077 | D:3      | Killed from afar by Ijyb

Illustrated notes

Levels and vault maps discovered:
D:1:      amcnicky_arrival_gap_in_the_tavern_cellar, layout_basic,
          minmay_pentomino_t4
D:2:      layout_loops_ring, ebering_ecumenical_altar_ruins,
          minmay_splitting_lines
D:3:      layout_rooms, uniq_grinder, uniq_ijyb

Skill      XL: |  1  2  3  4 |
---------------+-------------+-----
Fighting       | 4 |  4.2
Polearms       | 4 |  4.2
Armour         | 1 |  1.0
Dodging        | |  2.7
Stealth        | |  1.5
Spellcasting   | |  0.3
Poison Magic   | |  0.7

Action                   |  1- 3 |  4- 6 || total
-------------------------+-------+-------++-------
Melee: Spear             |   126 |    56 ||   182
  Use: Potion            |       |     2 ||     2
       Scroll            |       |     1 ||     1
Armor: Robe              |     4 |       ||     4
       Scale mail        |    45 |    44 ||    89
Dodge: Dodged            |    47 |    41 ||    88

Table legend: (Time is in decaauts)
 A = Elapsed time spent in this place.
 B = Non-inter-level travel time spent in this place.
 C = Inter-level travel time spent in this place.
 D = Time resting spent in this place.
 E = Time spent auto-exploring this place.
 F = Levels seen in this place.
 G = Mean time per level.
                   A        B        C        D        E       F      G
               +--------+--------+--------+--------+--------+-----+--------+
         Total |   2059 |   1937 |    122 |    228 |   1378 |   3 |  686.3 |
       Dungeon |   2059 |   1937 |    122 |    228 |   1378 |   3 |  686.3 |
               +--------+--------+--------+--------+--------+-----+--------+

Top non-repeatable levels by time:
     D:1: 1095 daAuts
     D:2: 915 daAuts
     D:3: 49 daAuts
